AoeStats
← PrisonMike

Nomad

509727569Analyzed
2v2 RM · 4d ago on Sep 27, 2026· 80m 7s· 4 players
Game mode
Random Map
Map size
176×176
Population
200
Speed
Normal
Resources
Standard
Victory
Conquest
Starting age
Dark Age
Ending age
Imperial Age
RankedLock teamsTeams togetherTeam positionsShared explorationLock speedFull tech treeHidden civsTurbo modeCheats
Victory
Defeat
🇪🇸 Dravidians · Spain
954
+14
🇹🇷 Britons · Türkiye
905
+16
🇳🇴 Danes · Norway
909
-15
🇳🇴 Saxons · Norway
909
-15
Nabium
2:52 Loom
19:19 Feudal Age
19:58 Fishing Lines
19:43 Man-at-Arms
20:09 Arson
20:28 Gold Mining
20:25 Double-Bit Axe
21:24 Town Watch
21:54 Fletching
22:15 Forging
29:04 Castle Age
30:02 Thumb Ring
34:13 Squires
36:48 Wheelbarrow
36:17 Scale Mail Armor
36:22 Padded Archer Armor
38:33 Bodkin Arrow
41:38 Gold Shaft Mining
41:11 Stone Mining
42:01 Leather Archer Armor
42:03 Chain Mail Armor
42:42 Bow Saw
43:52 Iron Casting
45:00 Gillnets
47:41 Imperial Age
48:26 Imperial Age
46:12 Hand Cart
45:57 Town Patrol
47:17 Medium Warships
48:55 Cranequins
51:16 Hoardings
50:04 Elite Jomsviking
50:53 Bracer
51:25 Ring Archer Armor
53:04 Blast Furnace
52:35 Plate Mail Armor
52:29 Heavy Mounted Crossbowman
52:40 Elite Jomsviking
59:45 Guard Tower
60:21 Ballistics
66:57 Elite Skirmisher
72:16 Hamask
73:19 Horse Collar
81:14 Chemistry
trml
13:10 Loom
15:16 Feudal Age
13:31 Loom
16:10 Double-Bit Axe
19:32 Castle Age
18:48 Fletching
20:15 Padded Archer Armor
22:27 Bow Saw
25:53 Elite Skirmisher
26:57 Bodkin Arrow
29:30 Crossbowman
31:47 Thumb Ring
37:02 Ballistics
41:36 Horse Collar
49:19 Imperial Age
47:24 Wheelbarrow
46:35 Town Watch
47:18 Leather Archer Armor
47:04 Murder Holes
52:02 Conscription
52:51 Arbalester
59:56 Two-Man Saw
64:05 Bracer
67:17 Pikeman
67:58 Squires
68:38 Forging
68:29 Scale Mail Armor
PrisonMike
7:35 Loom
13:51 Feudal Age
17:27 Double-Bit Axe
21:10 Castle Age
19:07 Fletching
19:18 Padded Archer Armor
20:43 Gold Mining
21:24 Crossbowman
23:42 Wheelbarrow
27:51 Bodkin Arrow
28:12 Leather Archer Armor
30:51 Ballistics
31:05 Forging
31:02 Scale Barding Armor
32:02 Thumb Ring
32:36 Chain Barding Armor
35:11 Horse Collar
38:23 Forging
45:09 Imperial Age
45:07 Hand Cart
44:37 Town Watch
44:43 Town Watch
45:50 Medical Corps
46:52 Conscription
46:44 Bracer
47:05 Town Patrol
47:57 Ring Archer Armor
50:27 Iron Casting
50:25 Light Cavalry
51:07 Husbandry
52:09 Stone Mining
53:05 Heavy Scorpion
56:45 Elite Elephant Archer
59:30 Chemistry
65:13 Blast Furnace
78:26 Wootz Steel
78:17 Arbalester
zombiekiller7
3:50 Loom
21:13 Feudal Age
21:16 Man-at-Arms
21:43 Arson
22:26 Double-Bit Axe
28:22 Castle Age
28:48 Stone Mining
28:24 Long Swordsman
28:26 Elite Skirmisher
28:28 Crossbowman
31:17 Wheelbarrow
32:44 Bow Saw
34:06 Horse Collar
34:52 Gold Mining
36:01 Gambesons
36:31 Forging
36:12 Fletching
36:23 Padded Archer Armor
39:36 Hand Cart
41:41 Bodkin Arrow
42:21 Iron Casting
42:30 Gold Shaft Mining
43:50 Yeomen
44:07 Leather Archer Armor
48:47 Imperial Age
47:52 Town Watch
51:09 Blast Furnace
50:12 Bracer
51:10 Hoardings
52:47 Elite Longbowman
53:57 Murder Holes
57:22 Ring Archer Armor
68:52 Heavy Plow
72:06 Chemistry
71:33 Conscription
72:16 Caravan
75:05 Warwolf
Connection lost

Rejoining the realm…

Still unreachable

The connection could not be restored.

Session expired

The server has moved on; the page needs a fresh start.